 Dungeon Crawl Stone Soup version 0.17.1-3-g152610e (webtiles) character file.

2314 Urist the Cleaver (level 9, -3/117 HPs)
             Began as a Hill Orc Fighter on Apr 6, 2016.
             Was a Believer of Beogh.
             Killed from afar by an electric eel (11 damage)
             ... with a bolt of electricity
             ... on level 6 of the Dungeon.
             The game lasted 00:23:21 (4181 turns).

Urist the Cleaver (Hill Orc Fighter)                Turns: 4181, Time: 00:23:21

Health: -3/117     AC: 24    Str: 20    XL:     9   Next: 41%
Magic:  9/9        EV:  2    Int:  8    God:    Beogh [**....]
Gold:   372        SH: 11    Dex: 12    Spells: 0 memorised, 8 levels left

rFire  . . .     SeeInvis .     a - +2 war axe
rCold  . . .     Clarity  .     (armour currently unavailable)
rNeg   + + +     SustAt   .     c - +0 shield
rPois  +         Gourm    +     (helmet currently unavailable)
rElec  .         Spirit   .     (cloak currently unavailable)
rCorr  .         Warding  .     (gloves currently unavailable)
rMut   .         NoTele   +     (boots currently unavailable)
MR     .....                    b - amulet of the gourmand
Stlth  +.........               (no ring)
                                (no ring)

@: lethally poisoned (-3 -> -6), tree-form, not resistant to hostile
enchantments, very unstealthy
A: no striking features
a: Smiting, Renounce Religion


You were on level 6 of the Dungeon.
You worshipped Beogh.
Beogh was pleased with you.
You were full.
You were a tree.
You visited 1 branch of the dungeon, and saw 6 of its levels.

You collected 372 gold pieces.

Inventory:

Hand Weapons
 a - a +2 war axe (weapon)
 A - the +10 hand crossbow "Illy" {speed, rElec}
   (You found it on level 6 of the Dungeon)

   Attacks with this weapon are significantly faster.
   It insulates you from electricity.
Missiles
 m - 3 tomahawks of returning (quivered)
 B - 49 bolts
Armour
 c - a +0 shield (worn)
 d - a +0 helmet (melded)
 j - a +0 chain mail (melded)
 k - a +0 cloak (melded)
Jewellery
 b - an amulet of the gourmand (around neck)
 n - an uncursed ring of stealth
Wands
 f - a wand of enslavement (0)
 l - a wand of enslavement (10)
 o - a wand of polymorph (12)
 z - a wand of teleportation (5)
Scrolls
 h - a scroll of teleportation
 i - 2 scrolls of enchant armour {unknown}
 q - a scroll of identify
 r - 3 scrolls of remove curse
 s - a scroll of fear
 u - a scroll of acquirement {unknown}
 v - a scroll of magic mapping
 x - a scroll of recharging {unknown}
 y - a scroll of blinking {unknown}
Comestibles
 e - 4 bread rations
 g - 3 beef jerkies
 t - a meat ration


   Skills:
 + Level 6.5 Fighting
 + Level 8.5 Axes
 + Level 0.8 Crossbows
 + Level 2.0 Throwing
 + Level 6.3 Armour
 + Level 2.9 Dodging
 + Level 0.3 Stealth
 + Level 7.9 Shields


You had 8 spell levels left.
You didn't know any spells.

Dungeon Overview and Level Annotations

Branches:
Dungeon (6/15)             Temple (0/1) D:4

Altars:
Ashenzari
Fedhas
Makhleb
Ru
Sif Muna
Zin


Message History

You feel sick. You block the centaur's attack.
You slash the centaur!
You kill the centaur!
Beogh accepts your kill.
You feel sick.
The electric eel shoots out a bolt of lightning at you!
The bolt of electricity hits you!
You feel sick.
You feel sick.
The electric eel shoots out a bolt of lightning at you!
Helpless, you fail to dodge the bolt of electricity.
* * * LOW HITPOINT WARNING * * *
The electric eel shoots out a bolt of lightning at you!
Helpless, you fail to dodge the bolt of electricity.
* * * LOW HITPOINT WARNING * * *
There are monsters nearby!
You feel sick.
The electric eel shoots out a bolt of lightning at you!
The bolt of electricity hits you!
You die...

*≈≈≈≈≈≈≈(≈≈≈#,,,,,****
**,,,,,
*≈≈≈≈≈..≈;P;.******
*,,,,,
**≈≈,≈≈...≈.;(##
*,,,,,
,,,,,,,......(.#
*,,,,,
,,,,,,,........##
**,,,,,
,,,,*******#..))##
**,,,,,, *,,,* ####(.#
*,,*,,,, ***** ##)##
**.,*,,,* ####♣.##
**..***,**
####......#####..#*
*** #................#
###..............#
####...........#*
####.........*
#.#####...* ##.# #...#
## #..# *#..# ###.


You could see 3 electric eels.

Vanquished Creatures
  Prince Ribbit (D:6)
  A hippogriff (D:6)
  Menkaure (D:5)
  A water moccasin (D:6)
  A black bear (D:6)
  A phantom (D:5)
  2 orc warriors (D:6)
  An ice beast (D:6)
  An ogre (D:5)
  2 centaurs
  4 scorpions
  A wight (D:6)
  2 crimson imps (D:5)
  2 giant frog zombies (D:5)
  3 hounds
  Ijyb (D:2)
  An orc priest (D:5)
  3 giant frog skeletons
  2 worker ants
  Terence (D:3)
  2 iguanas (D:4)
  Natasha (D:2)
  3 orc wizards
  2 hound zombies (D:6)
  A worker ant zombie (D:5)
  Robin (D:3)
  2 gnolls (D:6)
  8 adders
  A shadow imp (D:6)
  An ooze (D:5)
  3 worms
  16 orcs
  9 bats
  10 giant cockroaches
  17 goblins
  7 hobgoblins
  14 jackals
  5 quokkas
  A giant cockroach zombie (D:5)
  3 giant geckos
  2 giant gecko skeletons (D:5)
  5 giant newts
  A jackal zombie (D:5)
  8 kobolds
  A quokka skeleton (D:4)
  4 quokka zombies
  9 rats
169 creatures vanquished.

Vanquished Creatures (others)
  2 gnolls (D:6)
  An orc (D:3)
  A bat (D:3)
  A quokka skeleton (D:3)
5 creatures vanquished.

Grand Total: 174 creatures vanquished

Notes
Turn   | Place    | Note
--------------------------------------------------------------
     0 | D:1      | Urist the Hill Orc Fighter began the quest for the Orb.
     0 | D:1      | Reached XP level 1. HP: 19/19 MP: 1/1
   188 | D:1      | Reached XP level 2. HP: 26/26 MP: 2/2
   478 | D:2      | Noticed Ijyb
   490 | D:2      | Reached XP level 3. HP: 23/33 MP: 3/3
   502 | D:2      | Killed Ijyb
   502 | D:2      | Reached skill level 4 in Armour
   502 | D:2      | Reached XP level 4. HP: 24/40 MP: 4/4
   625 | D:2      | Reached skill level 1 in Dodging
   747 | D:2      | Reached XP level 5. HP: 36/46 MP: 5/5
   891 | D:2      | Found a deep blue altar of Sif Muna.
  1224 | D:3      | Noticed Natasha
  1230 | D:3      | Noticed Robin
  1242 | D:2      | Killed Natasha
  1266 | D:3      | Killed Robin
  1340 | D:3      | Became a worshipper of Beogh the Brigand
  1373 | D:3      | Noticed Terence
  1420 | D:3      | Killed Terence
  1420 | D:3      | Reached XP level 6. HP: 48/53 MP: 6/6
  1721 | D:3      | Reached * piety under Beogh
  1725 | D:3      | Reached skill level 5 in Shields
  1754 | D:4      | Found a shattered altar of Ashenzari.
  1754 | D:4      | Found a blossoming altar of Fedhas.
  1754 | D:4      | Found a glowing silver altar of Zin.
  1754 | D:4      | Found a burning altar of Makhleb.
  1807 | D:4      | Reached skill level 5 in Axes
  2049 | D:4      | Reached XP level 7. HP: 49/60 MP: 7/7
  2421 | D:4      | Found a staircase to the Ecumenical Temple.
  2507 | D:5      | Entered Level 5 of the Dungeon
  2525 | D:5      | Reached skill level 5 in Fighting
  2530 | D:5      | Reached skill level 6 in Axes
  2630 | D:5      | Reached skill level 5 in Armour
  2780 | D:5      | Noticed Menkaure
  2807 | D:5      | Killed Menkaure
  2807 | D:5      | Reached XP level 8. HP: 45/68 MP: 8/8
  2816 | D:5      | Found a sacrificial altar of Ru.
  2903 | D:5      | Reached skill level 7 in Axes
  2905 | D:5      | Reached ** piety under Beogh
  3475 | D:6      | Reached skill level 1 in Throwing
  3493 | D:6      | Reached skill level 8 in Axes
  3809 | D:6      | Noticed Prince Ribbit
  3818 | D:6      | Reached XP level 9. HP: 61/75 MP: 9/9
  3913 | D:6      | Killed Prince Ribbit
  4078 | D:6      | Got a pitted hand crossbow
  4079 | D:6      | Identified the +10 hand crossbow "Illy" {speed, rElec} (You found it on level 6 of the Dungeon)
  4181 | D:6      | Killed from afar by an electric eel

Action                   |  1- 3 |  4- 6 |  7- 9 || total
-------------------------+-------+-------+-------++-------
Melee: War axe           |    78 |   225 |   209 ||   512
 Fire: Hand crossbow     |       |       |    11 ||    11
Throw: Tomahawk          |       |       |    30 ||    30
  Use: Potion            |     5 |     9 |    10 ||    24
       Scroll            |     3 |     6 |     4 ||    13
  Eat: Bread ration      |       |     2 |       ||     2
       Meat ration       |       |       |     1 ||     1
       Chunk             |       |       |     4 ||     4
